 Dungeon Crawl Stone Soup version 0.20-a0-9-g62d82d9 (webtiles) character file.

5252 GameOver the Zephyrmancer (level 10, -46/75 HPs)
             Began as a Naga Summoner on Nov 1, 2016.
             Was the Champion of Cheibriados.
             Killed from afar by a fire dragon (64 damage)
             ... with a blast of flame
             ... on level 9 of the Dungeon.
             The game lasted 01:05:21 (6937 turns).

GameOver the Zephyrmancer (Naga Summoner)           Turns: 6937, Time: 01:05:22

Health: -46/75     AC:  7    Str: 25 (26) XL:     10   Next: 62%
Magic:  8/18       EV: 10    Int: 38 (40) God:    Cheibriados [******]
Gold:   325        SH:  0    Dex: 24 (26) Spells: 4 memorised, 5 levels left

rFire  x . .     SeeInvis +     q - +0 shortbow
rCold  + . .     Gourm    +     o - +2 robe
rNeg   . . .     Faith    .     (shield currently unavailable)
rPois  +         Spirit   .     (no helmet)
rElec  .         Reflect  .     (no cloak)
rCorr  .         Harm     .     p - +0 pair of gloves
MR     +....                    (no barding)
Stlth  ++++......               O - amulet of the gourmand
                                f - ring of ice
                                J - +6 ring of intelligence

@: very slightly contaminated, very slow
A: see invisible, deformed body, poison resistance, slowness 2, slow metabolism
1, spit poison 1, AC +3
a: Spit Poison, Bend Time, Temporal Distortion, Slouch, Step From Time, Renounce
Religion


You were on level 9 of the Dungeon.
You worshipped Cheibriados.
Cheibriados was exalted by your worship.
You were very full.

You visited 2 branches of the dungeon, and saw 10 of its levels.
You also visited: Bailey.

You collected 325 gold pieces.

Inventory:

Hand Weapons
 h - the +9 falchion of the Four Ghosts {speed, rPois rF++ Int-2 Dex+4, unknown}
   (You found it on level 8 of the Dungeon)

   Attacks with this weapon are significantly faster.
   It affects your intelligence (-2).
   It affects your dexterity (+4).
   It greatly protects you from fire.
   It protects you from poison.
   Cheibriados disapproves of the use of such an item.
 q - a +0 shortbow (weapon)
 w - a +2 scimitar of flaming
Missiles
 k - 55 bolts
 l - 3 stones
 m - 125 arrows (quivered)
 A - 20 sling bullets
 B - 6 tomahawks
 G - 19 tomahawks of returning
 T - 4 steel tomahawks
Armour
 e - a +2 shield
 o - a +2 robe (worn)
 p - a +0 pair of gloves (worn)
 L - a +0 ring mail of fire resistance
 X - the +11 plate armour of the Peculiar Demons {-Tele rElec rC+ rCorr, unknown}
   (You found it in a bailey)

   It protects you from cold.
   It insulates you from electricity.
   It prevents most forms of teleportation.
   It protects you from acid and corrosion.
Jewellery
 f - a ring of ice (right hand)
 g - a +4 ring of strength
 j - a +4 ring of strength
 y - an uncursed ring of protection from cold
 J - a +6 ring of intelligence (left hand)
 O - an amulet of the gourmand (around neck)
 P - a +2 ring of intelligence
Scrolls
 d - 3 scrolls of amnesia
 s - 2 scrolls of immolation
 F - 3 scrolls of teleportation
 H - 2 scrolls of fog
 I - 4 scrolls of enchant weapon
 Q - a scroll of fear
 W - a scroll of identify
Potions
 i - 4 potions of degeneration
 v - 4 potions of curing
 x - a potion of agility {unknown}
 z - 2 potions of might
 C - a potion of magic {unknown}
 E - a potion of ambrosia
 M - a potion of mutation
 N - 2 potions of brilliance
 U - a potion of cure mutation {unknown}
Books
 b - a book of Callings

   Spells                             Type                      Level
   a - Summon Small Mammal            Summoning                    1
   b - Call Imp                       Summoning                    2
   c - Call Canine Familiar           Summoning                    3
   d - Summon Guardian Golem          Hexes/Summoning              3
   e - Summon Lightning Spire         Summoning/Air                4
   f - Summon Ice Beast               Ice/Summoning                4
 R - a book of Conjurations

   Spells                             Type                      Level
   a - Magic Dart                     Conjuration                  1
   b - Searing Ray                    Conjuration                  2
   c - Dazzling Spray                 Conjuration/Hexes            3
   d - Fulminant Prism                Conjuration/Hexes            4
   e - Iskenderun's Mystic Blast      Conjuration                  4
   f - Iskenderun's Battlesphere      Conjuration/Charms           5
 S - a book of Power

   Spells                             Type                      Level
   a - Fulminant Prism                Conjuration/Hexes            4
   b - Iskenderun's Mystic Blast      Conjuration                  4
   c - Venom Bolt                     Conjuration/Poison           5
   d - Bolt of Magma                  Conjuration/Fire/Earth       5
   e - Iron Shot                      Conjuration/Earth            6
   f - Orb of Destruction             Conjuration                  7
   g - Spellforged Servitor           Conjuration/Summoning        7
Miscellaneous
 V - a sack of spiders
Comestibles
 a - 2 beef jerkies
 c - 9 bread rations
 n - 5 meat rations
 t - a chunk of flesh
 D - 22 royal jellies
 K - 6 fruits


   Skills:
 - Level 1.5 Dodging
 - Level 8.2 Stealth
 + Level 5.7 Spellcasting
 * Level 6.1 Conjurations
 - Level 8.0 Summonings
 - Level 4.0 Ice Magic
 - Level 8.5 Air Magic
 - Level 1.0 Invocations


You had 5 spell levels left.
You knew the following spells:

 Your Spells              Type           Power        Failure   Level  Hunger
a - Iskenderun's Mystic   Conj           ######..     2%          4    ##.....
e - Summon Ice Beast      Ice/Summ       ######..     3%          4    ##.....
q - Summon Lightning Spi  Summ/Air       ######..     1%          4    ##.....
w - Call Canine Familiar  Summ           ######..     1%          3    None


Dungeon Overview and Level Annotations

Branches:
Dungeon (9/15)             Temple (1/1) D:4            Lair (0/6) D:8
    Orc: D:9-12

Altars:
Ashenzari
Cheibriados
Dithmenos
Elyvilon
Fedhas
Kikubaaqudgha
Makhleb
Nemelex Xobeh
Okawaru
Ru
Sif Muna
Trog
Uskayaw
Xom
Yredelemnul
The Shining One

Shops:
D:5 =

Annotations:
D:5 braks's ghost, amateur KoSu


Innate Abilities, Weirdness & Mutations

You cannot wear boots.
Your serpentine skin is tough. (AC +3)
You have supernaturally acute eyesight. (SInv)
Armour fits poorly on your strangely shaped body.
Your system is resistant to poisons. (rPois)
You cover ground very slowly.
You have a slow metabolism.
You can spit poison.


Message History

Press: ? - help, Dir - move target cursor, p - fire dragon You are very lightly contaminated with residual magic.
As you read the scroll of blinking, it crumbles to dust.
There is a stone staircase leading up here.
What are your orders? t - Shout!
Orders for allies: a - Attack new target. r - Retreat! s - Stop attacking. g - Guard the area. f - Follow me.
Anything else - Cancel.
Gang up on whom?
Press: ? - help, Dir - move target cursor, f - fire dragon
Aim: a fire dragon Attack!
Your ice beast hits the fire dragon but does no damage.
The fire dragon breathes flames at you.
The blast of flame misses your ice beast.
The blast of flame hits you! The fire burns you terribly!
Ouch! That really hurt!
You die...

#...........# ##.
#...........# #..
#...........# #.#
#####...........###.#
#...............'...#
#.##............#####
*####.#≈≈≈≈.........#
*.....≈≈≈≈≈≈#########
*,*##≈≈≈@>≈≈≈##
*,##≈≈≈..[.≈≈≈##
#.#≈≈≈.8..8.≈≈≈# ##
#.#≈≈8##''##8≈≈#* #.
#.≈≈≈##YY..##≈≈≈* #>
#.≈≈##.D....#*≈≈** #.
#.≈≈#..####..#≈≈,* #.
#.≈≈#.§#,,*..#≈≈,* #.
#.≈≈#YD#,,*..#≈≈,* #.


You could see a fire dragon and 2 friendly ice beasts.

Vanquished Creatures
  A komodo dragon (D:8)
  Duvessa (D:4)
  2 sky beasts
  2 bullfrogs (D:8)
  A scorpion (D:4)
  3 killer bees (D:9)
  A wight (D:8)
  2 hounds
  A quasit (D:9)
  An iguana (D:6)
  5 worker ants
  4 adders
  5 gnolls
  2 worms
  2 leopard geckos
  17 orcs
  2 ball pythons (D:3)
  5 giant cockroaches
  5 goblins
  3 hobgoblins (D:1)
  14 jackals
  9 bats
  4 frilled lizards
  7 kobolds
  A leopard gecko zombie (D:7)
  9 rats
109 creatures vanquished.

Vanquished Creatures (collateral kills)
  Erica (D:8)
  Pikel (D:5)
  An orc knight (Bailey)
  A gargoyle (D:8)
  2 queen bees (D:9)
  A hippogriff (D:9)
  A wyvern (D:8)
  3 yaks (D:9)
  Menkaure (D:7)
  A water moccasin (D:6)
  2 orc warriors (Bailey)
  2 phantoms
  A slave (D:5)
  2 ice beasts
  3 ogres
  A centaur (D:6)
  A big kobold (D:8)
  A bullfrog (D:6)
  Blork the orc (D:4)
  A wyvern zombie (D:7)
  Dowan (D:4)
  A wyvern skeleton (D:7)
  A scorpion (D:8)
  33 killer bees (D:9)
  3 wights (D:8)
  An electric eel (D:7)
  3 crimson imps
  4 hounds
  2 jellies
  10 orc priests
  9 orc wizards
  3 iguanas
  3 worker ants
  A howler monkey zombie (D:7)
  4 adders
  11 gnolls
  An ooze (D:2)
  2 adder zombies
  3 worms
  An adder skeleton (D:4)
  A leopard gecko (D:2)
  19 orcs
  A ball python (D:4)
  2 giant cockroaches
  5 goblins
  2 hobgoblins
  10 jackals
  15 kobolds
  3 quokkas
  A ball python skeleton (D:4)
  4 bats
  A frilled lizard (D:2)
  A leopard gecko skeleton (D:6)
190 creatures vanquished.

Vanquished Creatures (others)
  A jelly (D:5)
  An orc (D:5)
  3 plants (D:8)
5 creatures vanquished.

Grand Total: 304 creatures vanquished

Notes
Turn   | Place    | Note
-------+----------+-------------------------------------------
     0 | D:1      | GameOver the Naga Summoner began the quest for the Orb.
     0 | D:1      | Reached XP level 1. HP: 15/15 MP: 3/3
    96 | D:1      | Reached XP level 2. HP: 6/22 MP: 1/5
    99 | D:1      | HP: 1/22 [jackal (2)]
   667 | D:1      | Reached XP level 3. HP: 19/28 MP: 4/6
  1112 | D:2      | Found a shattered altar of Ashenzari.
  1270 | D:2      | Reached skill level 5 in Summonings
  1270 | D:2      | Reached XP level 4. HP: 36/36 MP: 7/7
  1608 | D:2      | Learned a level 3 spell: Call Canine Familiar
  1751 | D:2      | Reached skill level 5 in Stealth
  1849 | D:2      | Reached XP level 5. HP: 35/42 MP: 5/8
  2098 | D:2      | Learned a level 4 spell: Summon Lightning Spire
  2179 | D:3      | Found a hide-covered altar of Uskayaw.
  2407 | D:3      | Reached skill level 1 in Air Magic
  2701 | D:4      | Reached XP level 6. HP: 43/49 MP: 5/9
  2765 | D:4      | Found a glowing golden altar of the Shining One.
  3106 | D:4      | Found a staircase to the Ecumenical Temple.
  3125 | D:4      | Noticed Blork the orc
  3138 | Temple   | Entered the Ecumenical Temple
  3145 | Temple   | Became a worshipper of Cheibriados the Contemplative
  3173 | D:4      | Killed Blork the orc
  3242 | D:4      | Noticed Dowan
  3243 | D:4      | Noticed Duvessa
  3251 | D:4      | Killed Dowan
  3255 | D:4      | Killed Duvessa
  3255 | D:4      | Reached XP level 7. HP: 39/55 MP: 3/10
  3333 | D:5      | Entered Level 5 of the Dungeon
  3393 | D:5      | Noticed Pikel
  3399 | D:5      | Killed Pikel
  3399 | D:5      | Reached skill level 5 in Air Magic
  3454 | D:5      | Found Oxkiets's Jewellery Shoppe.
  3484 | D:5      | Reached XP level 8. HP: 62/62 MP: 6/11
  3524 | D:5      | Found a deep blue altar of Sif Muna.
  3575 | D:5      | Reached * piety under Cheibriados
  3748 | D:5      | Noticed braks's ghost (amateur KoSu)
  3842 | D:5      | Found an iron altar of Okawaru.
  4051 | D:6      | Found a shadowy altar of Dithmenos.
  4111 | D:6      | Learned a level 4 spell: Summon Ice Beast
  4111 | D:6      | Found a bloodstained altar of Trog.
  4154 | D:6      | Found a shimmering altar of Xom.
  4161 | D:6      | Found a burning altar of Makhleb.
  4441 | D:7      | Noticed Menkaure
  4445 | D:7      | Killed Menkaure
  4456 | D:7      | Reached ** piety under Cheibriados
  4493 | D:7      | Reached skill level 1 in Ice Magic
  4507 | D:7      | Reached skill level 1 in Invocations
  4507 | D:7      | Reached XP level 9. HP: 68/68 MP: 7/12
  5053 | D:8      | Noticed Erica
  5054 | D:8      | Reached *** piety under Cheibriados
  5151 | D:8      | Killed Erica
  5210 | D:8      | Found a staircase to the Lair.
  5212 | D:8      | Noticed a komodo dragon
  5275 | D:8      | Got a translucent falchion
  5546 | D:8      | Reached **** piety under Cheibriados
  5829 | D:8      | Noticed a gargoyle
  5836 | D:8      | Killed a gargoyle
  5842 | D:8      | Learned a level 4 spell: Iskenderun's Mystic Blast
  5900 | D:8      | Killed a komodo dragon
  5900 | D:8      | Reached skill level 1 in Conjurations
  5920 | D:8      | Reached XP level 10. HP: 68/75 MP: 12/16
  6100 | D:9      | Found a flagged portal.
  6109 | Bailey   | Entered a bailey
  6207 | Bailey   | Reached ***** piety under Cheibriados
  6313 | Bailey   | Noticed an orc knight
  6318 | Bailey   | Killed an orc knight
  6458 | Bailey   | Found a burning altar of Makhleb.
  6468 | Bailey   | Got a distressingly furry plate armour
  6585 | D:9      | Reached skill level 5 in Spellcasting
  6673 | D:9      | Reached skill level 5 in Conjurations
  6722 | D:9      | Reached ****** piety under Cheibriados
  6918 | D:9      | Noticed a fire dragon
  6937 | D:9      | Killed from afar by a fire dragon

Vault maps used:
D:1:      dpeg_arrival_erosion
D:2:      ashenzari_conservatory_becter, st_stairs_10, cheibrodos_gnoll_hut
D:3:      eat_drink_and_be_merry_uskayaw
D:4:      lemuel_doored_altar, uniq_blork_the_orc, uniq_duvessa
D:5:      kennysheep_little_box, led_sif_book, first_bread, serial_shops,
          shop_statue, kennysheep_generic_room_3, uniq_pikel
D:6:      grunt_temple_overflow_open, nicolae_dithmenos_the_darkroom
D:7:      cheibrodos_helix_gallery, minivault_4, uniq_menkaure
D:8:      david_lair_shrubbed, uniq_erica
D:9:      enter_bailey_3, david_nohive_1, serial_bayou_pond_e,
          kennysheep_island_fort
Temple:   cyrus_circular_temple
Bailey:   bailey_axe_3, bailey

Skill      XL: |  1  2  3  4  5  6  7  8  9 10 |
---------------+-------------------------------+-----
Stealth        | 4 5 6 8 |  8.2
Summonings     | 5 6 7 8 |  8.0
Air Magic      | 1 3 5 7 8 |  8.5
Ice Magic      | 1 4 |  4.0
Invocations    | 1 |  1.0
Spellcasting   | 4 5 |  5.7
Conjurations   | 2 6 |  6.1
Dodging        | |  1.5

Action                   |  1- 3 |  4- 6 |  7- 9 | 10-12 || total
-------------------------+-------+-------+-------+-------++-------
Melee: Short sword       |     7 |       |    50 |       ||    57
       Spear             |     5 |    85 |       |       ||    90
       Scimitar          |       |       |     8 |     9 ||    17
 Fire: Hunting sling     |       |    52 |    40 |       ||    92
       Shortbow          |       |       |    67 |    28 ||    95
 Cast: Summon Small Mamm |    26 |    14 |       |       ||    40
       Call Canine Famil |       |    18 |    21 |     6 ||    45
       Summon Lightning  |       |     3 |    20 |    10 ||    33
       Summon Ice Beast  |       |       |       |    11 ||    11
 Abil: Spit Poison       |    36 |    53 |    42 |    11 ||   142
  Use: Scroll            |       |     1 |    16 |     2 ||    19
       Potion            |       |       |       |     5 ||     5
 Stab: Distracted        |       |     1 |     1 |       ||     2
  Eat: Chunk             |     3 |    11 |    26 |     3 ||    43
Armor: Robe              |     2 |    32 |    22 |    20 ||    76
Dodge: Dodged            |    20 |    54 |    41 |    39 ||   154
       Rpst.: Scimitar   |       |       |     3 |     1 ||     4
